 Dungeon Crawl Stone Soup version 0.20-a0-2-g2b0e13a (webtiles) character file.

36 Kaname the Stinger (level 3, -2/24 HPs)
             Began as a Demonspawn Venom Mage on Oct 29, 2016.
             Slain by Sigmund
             ... wielding a +0 scythe
              (10 damage)
             ... on level 2 of the Dungeon.
             The game lasted 00:05:11 (1436 turns).

Kaname the Stinger (Demonspawn Venom Mage)          Turns: 1436, Time: 00:05:12

Health: -2/24      AC:  2    Str:  8    XL:     3   Next: 19%
Magic:  1/6        EV: 12    Int: 17    God:
Gold:   49         SH:  0    Dex: 13    Spells: 2 memorised, 2 levels left

rFire  . . .     SeeInvis .     e - +1 hand axe (elec)
rCold  . . .     Gourm    .     a - +0 robe
rNeg   . . .     Faith    .     (no shield)
rPois  .         Spirit   .     (no helmet)
rElec  .         Reflect  .     (no cloak)
rCorr  .         Harm     .     (no gloves)
MR     .....                    (no boots)
Stlth  +++.......               (no amulet)
                                (no ring)
                                (no ring)

@: very slightly contaminated
A: claws 1, nightstalker 1
a: no special abilities


You were on level 2 of the Dungeon.
You were not hungry.

You visited 1 branch of the dungeon, and saw 2 of its levels.

You collected 49 gold pieces.

Inventory:

Hand Weapons
 e - a +1 hand axe of electrocution (weapon)
Armour
 a - a +0 robe (worn)
Scrolls
 d - a scroll of recharging {unknown}
 f - a scroll of amnesia {unknown}
 i - a scroll of identify {unknown}
 l - a scroll of fog {unknown}
 m - a scroll of remove curse {unknown}
Potions
 g - a potion of might {unknown}
 j - a potion of flight {unknown}
 k - a potion of brilliance {unknown}
Books
 b - a Young Poisoner's Handbook

   Spells                             Type                      Level
   a - Sting                          Conjuration/Poison           1
   b - Mephitic Cloud                 Conjuration/Poison/Air       3
   c - Olgreb's Toxic Radiance        Poison                       4
   d - Alistair's Intoxication        Transmutation/Poison         5
   e - Venom Bolt                     Conjuration/Poison           5
Comestibles
 c - a bread ration
 h - a royal jelly
 n - 2 chunks of flesh


   Skills:
 - Level 1.7 Dodging
 - Level 1.7 Stealth
 - Level 2.0 Spellcasting
 + Level 2.9 Conjurations
 - Level 4.0 Poison Magic


You had 2 spell levels left.
You knew the following spells:

 Your Spells              Type           Power        Failure   Level  Hunger
a - Sting                 Conj/Pois      ##..         6%          1    #......
b - Mephitic Cloud        Conj/Pois/Air  #.......     24%         3    ###....


Dungeon Overview and Level Annotations

Branches:
Dungeon (2/15)

Altars:

Annotations:
D:2 Sigmund


Innate Abilities, Weirdness & Mutations

You have sharp fingernails.
You are slightly more attuned to the shadows.


Message History

Something hits you!
Casting: Sting
Confirm with . or Enter, or press ? or * to list all spells.
Okay, then.
A puff of flame appears from out of thin air!
The puff of flame hits you!
* * * LOW HITPOINT WARNING * * *
Casting: Sting
Confirm with . or Enter, or press ? or * to list all spells.
You can't see any susceptible monsters within range! (Use Z to cast anyway.)
Casting: Sting
Confirm with . or Enter, or press ? or * to list all spells.
Aiming: Mephitic Cloud
Press: ? - help, Shift-Dir - straight line The ball explodes into a vile cloud!
You hear a shout!
There is a stone staircase leading up here.
You start resting.
Something hits you!
You die...

#.# #.# #.##..## #.# ##+##
#.##..# #.###...## #.##..#
##.##.....## #.##..#
#####..#.......## #.#...## ..
##....##.........###....... ..#
#.#....+.........+.........
.#..#..#.{##............#....##
#...#...#.###.@......#..##.#.##
....................#_#........
#.......###...#......#...###.#.
#$....#.#.#..##'#รท......###.#.
..#...#..#..#.##.#######.##>...
...#.#...#...###.# #.###.#. ##
########## ##.## #.###.#. #.#
##...## #....... #.# #.....#
#####.##


There were no monsters in sight!

Vanquished Creatures
  An ooze (D:1)
  2 dart slugs (D:2)
  A ball python (D:1)
  5 bats
  A giant cockroach (D:1)
  2 goblins (D:1)
  6 jackals (D:2)
  2 kobolds (D:1)
  A frilled lizard (D:1)
  5 rats
26 creatures vanquished.

Notes
Turn   | Place    | Note
-------+----------+-------------------------------------------
     0 | D:1      | Kaname the Demonspawn Venom Mage began the quest for the Orb.
     0 | D:1      | Reached XP level 1. HP: 13/13 MP: 3/3
    82 | D:1      | Reached skill level 1 in Conjurations
   423 | D:1      | Gained mutation: You have sharp fingernails. [demonic ancestry]
   423 | D:1      | Reached XP level 2. HP: 16/19 MP: 5/5
   803 | D:2      | Found a faded altar of an unknown god.
  1288 | D:2      | Noticed Sigmund
  1311 | D:1      | Gained mutation: You are slightly more attuned to the shadows. [demonic ancestry]
  1311 | D:1      | Reached XP level 3. HP: 24/24 MP: 6/6
  1410 | D:2      | Learned a level 3 spell: Mephitic Cloud
  1436 | D:2      | Slain by Sigmund

Vault maps used:
D:1:      tarquinn_simple_flora_water_e, nrook_mini_backslash,
          roderic_chinese_pattern_swastika
D:2:      ecumenical_altar_1, hangedman_decor_diamond_cutter, uniq_sigmund

Skill      XL: |  1  2 |
---------------+-------+-----
Conjurations   | 1 2 |  2.9
Dodging        | |  1.7
Stealth        | |  1.7
Spellcasting   | |  2.0
Poison Magic   | |  4.0

Action                   || total
-------------------------++-------
Melee: Hand axe          ||    53
       Short sword       ||     1
 Cast: Sting             ||    10
       Mephitic Cloud    ||     1
 Stab: Sleeping          ||     1
  Eat: Chunk             ||     2
Armor: Robe              ||    18
Dodge: Dodged            ||    53
